 Dungeon Crawl Stone Soup version 0.30-a0-726-gd89dcf765f (webtiles) character file.

Game seed: 10705889429891420579

182 scionoferis the Shooter (level 5, -13/39 HPs)
             Began as a Demigod Hexslinger on Jan 29, 2023.
             Mangled by an ogre
             ... wielding a +0 giant club
              (23 damage)
             ... on level 3 of the Dungeon.
             The game lasted 00:06:47 (1821 turns).

scionoferis the Shooter (Demigod Hexslinger)        Turns: 1821, Time: 00:06:47

Health: -13/39     AC:  5    Str: 11    XL:     5   Next: 12%
Magic:  0/9        EV: 13    Int: 15    God:
Gold:   140        SH:  0    Dex: 18    Spells: 5/6 levels left

rFire   . . .      SeeInvis .    a - +7 club
rCold   . . .      Faith    .    (no shield)
rNeg    . . .      Spirit   +    c - +0 robe
rPois   .          Reflect  .    m - +2 helmet
rElec   .          Harm     .    (no cloak)
rCorr   .          Rampage  .    (no gloves)
Will    .....                    (no boots)
Stlth   ++                       f - amulet of guardian spirit
HPRegen 0.26/turn                (no ring)
MPRegen 0.11/turn                (no ring)

@: no status effects
A: high MP 1, forlorn, divine attributes
a: no special abilities


You were on level 3 of the Dungeon.
You visited 1 branch of the dungeon, and saw 3 of its levels.

You collected 140 gold pieces.


Innate Abilities, Weirdness & Mutations

You have an increased reservoir of magic. (+10% MP)
You shall have no god before yourself.
Your divine heritage dramatically boosts your attributes as you level up.


   Skills:
 - Level 0.8 Fighting
 * Level 3.8 Ranged Weapons
 + Level 2.9 Dodging
 + Level 2.2 Stealth
 - Level 1.0 Spellcasting
 - Level 2.6 Hexes


You had 5 spell levels left.
You knew the following spells:

 Your Spells              Type           Power      Damage    Failure   Level
a - Slow                  Hex            32%        N/A       9%          1

Your spell library contained the following spells:

 Spells                   Type           Power      Damage    Failure   Level
 Ensorcelled Hibernation  Hex/Ice        8%         N/A       22%         2
 Passwall                 Tmut/Erth      0%         N/A       36%         2
 Inner Flame              Hex/Fire       4%         N/A       38%         3
 Portal Projectile        Hex/Tloc       8%         N/A       38%         3
 Swiftness                Air            0%         N/A       58%         3
 Cause Fear               Hex            4%         N/A       63%         4

Inventory:

Hand Weapons
 a - a +7 club (weapon)
   (You took it off Robin on level 2 of the Dungeon)
 b - a +1 sling
 v - the +4 mace of Naddaug {drain, rF+}
   (You found it on level 2 of the Dungeon)

   rF:        It protects you from fire.
Armour
 c - a +0 robe (worn)
 m - a +2 helmet (worn)
   (You took it off Robin on level 2 of the Dungeon)
Jewellery
 f - an amulet of guardian spirit (around neck)
   (You found it on level 1 of the Dungeon)
Wands
 k - a wand of roots (11)
   (You took it off Robin on level 2 of the Dungeon)
 o - a wand of polymorph (10)
   (You took it off Natasha on level 2 of the Dungeon)
Scrolls
 d - 2 scrolls of teleportation
 g - a scroll of identify
 i - a scroll of blinking
 l - a scroll of poison
 r - 2 scrolls of fog
 s - a scroll of enchant weapon
Potions
 e - 4 potions of curing {unknown}
 h - a potion of heal wounds {unknown}
 j - 2 potions of degeneration {unknown}
 p - 2 potions of flight {unknown}
 q - a potion of attraction {unknown}
 t - a potion of lignification {unknown}
 u - a potion of might {unknown}

Dungeon Overview and Level Annotations

Branches:
Dungeon (3/15)

Annotations:
D:1 dig vault

...........##.##......###
...........#...#.......>#
..........##...#......#.
...........#8_8#.#.####
...........#####.#.#
.................#.#
...................#
........>..........#
....(........(O@...#
...................#
......................#
.......................
...(...................
.((....................
(......................
.......................


You could see an ogre (poisoned).


Message History

You now have 58 gold pieces (gained 8).
An endoplasm comes into view.
You shoot a sling bullet.
The sling bullet completely misses the endoplasm.
The endoplasm quivers.
You shoot a sling bullet. The sling bullet hits the endoplasm.
The endoplasm is severely wounded.
You shoot a sling bullet. The sling bullet hits the endoplasm.
You kill the endoplasm!
No target in view!
Found 4 stones.
You see here 4 stones.
You open the door.
A kobold comes into view. It is wielding a +0 short sword.
Found a scroll of poison.
Found a stone staircase leading down.
You shoot a sling bullet. The sling bullet hits the kobold.
You kill the kobold!
No target in view!
No target in view!
No target in view!
A kobold and a ball python come into view.
The kobold shouts!
You hear an angry hiss.
There is an open door here.
You shoot a sling bullet.
The sling bullet barely misses the kobold.
The kobold hits you with a +0 short sword.
A frilled lizard comes into view.
The kobold misses you.
You shoot a sling bullet.
The sling bullet barely misses the kobold.
The kobold hits you with a +0 short sword.
The ball python attacks as you move away!
The ball python completely misses you. The kobold attacks as you move away!
The kobold closely misses you.
You shoot a sling bullet.
The sling bullet closely misses the ball python.
The sling bullet hits the kobold.
You kill the kobold!
The ball python bites you. The ball python grabs you.
The ball python constricts you.
The ball python bites you but does no damage.
The ball python constricts you.
You shoot a sling bullet. The sling bullet hits the ball python.
You kill the ball python!
You shoot a sling bullet.
The sling bullet hits the frilled lizard!
You kill the frilled lizard!
You have reached level 3!
Your experience leads to a dramatic increase in your attributes!
Increase (S)trength, (I)ntelligence, or (D)exterity?
You feel agile. x4
Magic restored.
There is an open door here.
You see here a ball python corpse.
Things that are here:
a +0 short sword; 5 stones; a kobold corpse
b - 2 scrolls of poison (gained 1)
g - 3 scrolls labelled DUSAOP TURETI (gained 2)
There is an open door here.
You see here a ball python corpse.
You now have 65 gold pieces (gained 7).
A rat comes into view.
A rat is nearby!
You shoot a sling bullet. The sling bullet hits the rat.
You kill the rat!
A bat comes into view.
You shoot a sling bullet. The sling bullet hits the bat.
The bat is moderately wounded.
The bat hits you but does no damage. The bat closely misses you.
You shoot a sling bullet. The sling bullet barely misses the bat.
The bat barely misses you.
You shoot a sling bullet. The sling bullet hits the bat!
You kill the bat!
No target in view!
No target in view!
You see here a bat corpse.
An endoplasm comes into view.
You shoot a sling bullet. The sling bullet hits the endoplasm.
The endoplasm quivers.
The endoplasm is almost dead.
You shoot a sling bullet. The sling bullet hits the endoplasm!
You kill the endoplasm!
No target in view!
No target in view!
A quokka comes into view.
Found an escape hatch in the floor.
You shoot a sling bullet.
The sling bullet hits the quokka but does no damage.
You shoot a sling bullet. The sling bullet hits the quokka!
You kill the quokka!
No target in view!
No target in view!
You now have 76 gold pieces (gained 11).
h - a dark potion A kobold comes into view.
It is wielding a +0 whip.
You shoot a sling bullet.
The sling bullet hits the kobold but does no damage.
The kobold shouts!
You shoot a sling bullet. The sling bullet hits the kobold.
The kobold is moderately wounded.
You shoot a sling bullet.
The sling bullet closely misses the kobold.
You shoot a sling bullet.
The sling bullet completely misses the kobold.
An endoplasm comes into view.
You shoot a sling bullet.
The sling bullet closely misses the kobold.
The endoplasm quivers.
You shoot a sling bullet. The sling bullet hits the kobold!
You kill the kobold!
You shoot a sling bullet. The sling bullet hits the endoplasm.
The endoplasm is moderately wounded.
You shoot a sling bullet. The sling bullet hits the endoplasm.
You kill the endoplasm!
No target in view!
No target in view!
No target in view!
No target in view!
i - a scroll labelled RUABIKHLAHO A dart slug comes into view.
You shoot a sling bullet. The sling bullet hits the dart slug.
The dart slug is heavily wounded.
The dart slug launches a dart at you. The slug dart hits you.
You shoot a sling bullet. The sling bullet hits the dart slug!
You kill the dart slug!
No target in view!
No target in view!
You now have 88 gold pieces (gained 12).
j - a purple potion You now have 95 gold pieces (gained 7).
You see here a dart slug corpse.
Found a stone staircase leading down.
You open the door.
There is an open door here.
You open the door.
Done exploring.
Done exploring.
There is an open door here.
There is a stone staircase leading down here.
You climb downwards.
Found 9 gold pieces.
There is a stone staircase leading up here.
The hobgoblin shouts!
The kobold shouts!
You hear a shout!
The bat misses you. The kobold barely misses you. The hobgoblin hits you.
You climb upwards.
Level annotation: dig vault
There is a stone staircase leading down here.
You shoot a sling bullet. The sling bullet barely misses the bat.
The bat misses you.
No target in view!
No target in view!
No target in view!
The bat hits you but does no damage.
No target in view!
The bat closely misses you.
You shoot a sling bullet. The sling bullet barely misses the bat.
The bat hits you. The bat closely misses you. The bat misses you.
You shoot a sling bullet. The sling bullet hits the bat.
The bat is severely wounded.
The bat hits you.
You shoot a sling bullet. The sling bullet misses the bat.
The bat hits you but does no damage.
You shoot a sling bullet. The sling bullet hits the bat.
You kill the bat!
No target in view!
(D) Dungeon
Where to? (Enter - D:1 @ (x,y), ? - help) HP restored.
Magic restored.
You open the door.
There is an open door here.
There is a stone staircase leading down here.
You climb downwards.
There is a stone staircase leading up here.
Natasha, Servant of Life and Death comes into view.
She is carrying a wand of polymorph (13).
Natasha hisses angrily.
Natasha casts a spell at you. You resist with some effort.
You shoot a sling bullet. The sling bullet barely misses Natasha.
You shoot a sling bullet.
The sling bullet completely misses Natasha.
Natasha casts a spell.
You shoot a sling bullet. The sling bullet hits Natasha.
Natasha is moderately wounded.
Natasha zaps a wand.
You turn into a filthy swine.
Your +1 sling melds into your body.
Your +0 robe melds into your body.
The crimson imp barely misses you. Natasha closely misses you.
You hit Natasha but do no damage.
Natasha is moderately wounded.
The crimson imp blinks!
Natasha claws you.
You hit Natasha.
Natasha is heavily wounded.
Natasha claws you.
You hit Natasha.
Natasha is severely wounded.
Natasha closely misses you.
You hit Natasha.
Natasha is severely wounded.
The crimson imp closely misses you.
You hit Natasha.
Natasha is almost dead.
Natasha casts a spell.
The crimson imp misses you.
You closely miss Natasha.
Natasha is almost dead.
Natasha claws you.
You hit Natasha.
You kill Natasha!
Natasha yowls pathetically as she dies!
The crimson imp disappears in a puff of smoke!
The shadow imp disappears in a puff of smoke!
Your Ranged Weapons skill increases to level 3!
You start resting.
Your transformation is almost over.
You start resting.
Magic restored.
You start resting.
You feel less porcine.
Your +1 sling unmelds from your body.
Your +0 robe unmelds from your body.
Unknown command.
You start resting.
HP restored.
A goblin comes into view. It is wielding a +0 club.
You shoot a sling bullet. The sling bullet hits the goblin.
The goblin shouts!
The goblin is moderately wounded.
You shoot a sling bullet.
The sling bullet closely misses the goblin.
You shoot a sling bullet. The sling bullet hits the goblin!
You kill the goblin!
No target in view!
You see here a +0 club.
You open the door.
Robin, a hobgoblin, 8 goblins and a giant cockroach come into view.
Robin is wielding a +7 club and carrying a wand of roots (8).
Robin shouts!
The goblin shouts! x4; The hobgoblin shouts!
You hear a shout! x2
The goblin shouts!
You hear a shout!
A goblin comes into view. It is wielding a +0 dagger.
Robin moves out of view.
The hobgoblin moves out of view.
The goblin shouts!
Found 4 poisoned darts.
The goblin shouts!
A goblin comes into view. It is wielding a +0 club.
The goblin attacks as you move away! The goblin hits you but does no damage.
The goblin attacks as you move away! The goblin hits you with a +0 club.
The goblin attacks as you move away! The goblin closely misses you.
You see here a +0 club.
You shoot a sling bullet.
The sling bullet closely misses the goblin.
The goblin completely misses you.
You shoot a sling bullet.
The sling bullet barely misses the goblin.
The sling bullet closely misses the giant cockroach.
The goblin hits you but does no damage.
You shoot a sling bullet. The sling bullet hits the goblin.
You kill the goblin!
You shoot a sling bullet.
The sling bullet barely misses the giant cockroach.
The sling bullet hits the goblin!
You kill the goblin!
The giant cockroach bites you but does no damage.
The giant cockroach completely misses you.
You shoot a sling bullet.
The sling bullet barely misses the giant cockroach.
The sling bullet hits the goblin.
You kill the goblin!
The giant cockroach barely misses you.
You shoot a sling bullet.
The sling bullet hits the giant cockroach but does no damage.
The giant cockroach misses you. The giant cockroach bites you.
You shoot a sling bullet.
The sling bullet closely misses the giant cockroach.
The sling bullet hits the goblin.
The goblin is severely wounded.
The giant cockroach barely misses you.
You shoot a sling bullet.
The sling bullet closely misses the giant cockroach.
The sling bullet barely misses the goblin.
The sling bullet closely misses the goblin.
The giant cockroach bites you. The giant cockroach closely misses you.
You shoot a sling bullet.
The sling bullet completely misses the giant cockroach.
The sling bullet completely misses the goblin.
The sling bullet barely misses the goblin.
The sling bullet hits the goblin!
You kill the goblin!
The giant cockroach bites you.
You shoot a sling bullet.
The sling bullet closely misses the giant cockroach.
The sling bullet closely misses the goblin. x2
The giant cockroach completely misses you.
The giant cockroach closely misses you.
You shoot a sling bullet.
The sling bullet barely misses the giant cockroach.
The sling bullet hits the goblin.
You kill the goblin!
The giant cockroach misses you.
You shoot a sling bullet.
The sling bullet hits the giant cockroach!
You kill the giant cockroach!
You shoot a sling bullet. The sling bullet hits the goblin.
You kill the goblin!
You shoot a sling bullet. The sling bullet hits the goblin.
You kill the goblin!
You shoot a sling bullet. The sling bullet hits the hobgoblin.
The hobgoblin is almost dead.
You shoot a sling bullet. The goblin shouts!
The sling bullet hits the hobgoblin.
You kill the hobgoblin!
You have reached level 4!
You shoot a sling bullet.
The sling bullet closely misses the goblin.
The sling bullet misses the goblin.
Robin throws the goblin at you! The goblin barely misses you.
You shoot a sling bullet. The sling bullet hits the goblin.
The goblin is severely wounded.
The goblin closely misses you. The goblin hits you with a +0 club.
You shoot a sling bullet.
The sling bullet barely misses the goblin.
The goblin barely misses you.
Robin roars a battlecry!
The goblins go into a battle-frenzy!
The goblin completely misses you. The goblin hits you with a +0 club.
The goblin attacks as you move away! The goblin hits you with a +0 dagger.
The goblin attacks as you move away! The goblin barely misses you.
You shoot a sling bullet. The sling bullet hits the goblin.
The goblin is moderately wounded.
The goblin barely misses you.
Fire: a) +1 sling
Press: ? - help, Q - select action, (/) - cycle Shift-Dir - straight line, f/p - goblin
Aim: a goblin, wielding a +0 dagger (moderately wounded, strong, 53% to hit)
You shoot a sling bullet.
The sling bullet barely misses the goblin.
The sling bullet hits the goblin.
You kill the goblin!
The goblin hits you with a +0 dagger. The goblin hits you but does no damage.
Robin roars a battlecry!
Fire: a) +1 sling
Press: ? - help, Q - select action, (/) - cycle Shift-Dir - straight line, f - Robin, p - goblin
Aim: Robin, wielding a +7 club, wearing a +0 animal skin, wearing a +2 helmet and carrying a wand of roots (8) (68% to hit)
You shoot a sling bullet.
The sling bullet barely misses the goblin.
The sling bullet hits Robin!
Robin is moderately wounded.
Robin throws the goblin at you! The goblin hits you with a +0 dagger.
The goblin hits you with a +0 dagger.
Fire: a) +1 sling
Press: ? - help, Q - select action, (/) - cycle Shift-Dir - straight line, f - goblin
Aim: a goblin, wielding a +0 dagger (moderately wounded, strong, 53% to hit)
You shoot a sling bullet.
The sling bullet barely misses the goblin.
The goblin misses you.
Fire: a) +1 sling
Press: ? - help, Q - select action, (/) - cycle Shift-Dir - straight line, f - Robin, p - goblin
Aim: Robin, wielding a +7 club, wearing a +0 animal skin, wearing a +2 helmet and carrying a wand of roots (8) (moderately wounded, 68% to hit)
You shoot a sling bullet.
The sling bullet barely misses the goblin.
The sling bullet hits Robin!
Robin is severely wounded.
Robin throws the goblin at you! The goblin closely misses you.
Fire: a) +1 sling
Press: ? - help, Q - select action, (/) - cycle Shift-Dir - straight line, f/p - Robin
Aim: Robin, wielding a +7 club, wearing a +0 animal skin, wearing a +2 helmet and carrying a wand of roots (8) (severely wounded, 68% to hit)
You shoot a sling bullet. The sling bullet hits Robin!
You kill Robin!
The goblin hits you with a +0 dagger.
Fire: a) +1 sling
Press: ? - help, Q - select action, (/) - cycle Shift-Dir - straight line, f - goblin
Aim: a goblin, wielding a +0 dagger (moderately wounded, strong, 53% to hit)
You shoot a sling bullet. The sling bullet hits the goblin.
The goblin is severely wounded.
The goblin no longer looks unusually strong.
The goblin hits you with a +0 dagger. The goblin barely misses you.
The goblin misses you.
Fire: a) +1 sling
Press: ? - help, Q - select action, (/) - cycle Shift-Dir - straight line, f/p - goblin
Aim: a goblin, wielding a +0 dagger (severely wounded, 53% to hit)
You shoot a sling bullet.
The sling bullet closely misses the goblin.
The goblin barely misses you. The goblin hits you with a +0 dagger.
Fire: a) +1 sling
Press: ? - help, Q - select action, (/) - cycle Shift-Dir - straight line, f/p - goblin
Aim: a goblin, wielding a +0 dagger (severely wounded, 53% to hit)
You shoot a sling bullet.
The sling bullet barely misses the goblin.
The goblin hits you with a +0 dagger. The goblin barely misses you.
Fire: a) +1 sling
Press: ? - help, Q - select action, (/) - cycle Shift-Dir - straight line, f - goblin, p - goblin
Aim: a goblin, wielding a +0 dagger (strong, 53% to hit)
You shoot a sling bullet. The sling bullet hits the goblin!
You kill the goblin!
The goblin misses you. The goblin hits you with a +0 dagger.
Fire: a) +1 sling
Press: ? - help, Q - select action, (/) - cycle Shift-Dir - straight line, f - goblin
Aim: a goblin, wielding a +0 dagger (severely wounded, 53% to hit)
You shoot a sling bullet. The sling bullet hits the goblin.
You kill the goblin!
You see here a +0 dagger.
You start resting.
Magic restored.
You start resting.
HP restored.
You see here a +0 dagger.
You see here a +0 dagger.
k - a wand of roots (8)
Things that are here:
a +7 club; a +0 animal skin; a +2 helmet
l - a +7 club;
m - a +2 helmet You start putting on your armour.
You continue putting on your +2 helmet. x4
You finish putting on your +2 helmet.
Adjust to which letter? (? for menu, Esc to quit)
a - a +7 club;
l - a +1 sling (weapon)
Adjust to which letter? (? for menu, Esc to quit)
b - a +1 sling (weapon);
l - 2 scrolls of poison
a - a +7 club (weapon)
b - a +1 sling (weapon)
You see here a +0 club.
Items here: ))) ††.
Things that are here:
a +0 dagger; a hobgoblin corpse You see here a +0 club.
Things that are here:
a +0 dagger; a +0 dagger; a goblin corpse
There is an open door here.
A kobold comes into view. It is wielding a +0 whip.
The kobold moves out of view.
Found an escape hatch in the ceiling.
You see here 4 poisoned darts.
n - 4 poisoned darts You shoot a sling bullet.
The kobold shouts!
The sling bullet hits the kobold.
The kobold is moderately wounded.
The kobold throws a stone.
The stone closely misses you.
You shoot a sling bullet. The sling bullet hits the kobold.
You kill the kobold!
An endoplasm comes into view.
You shoot a sling bullet. The endoplasm quivers.
The sling bullet hits the endoplasm.
The endoplasm is heavily wounded.
You shoot a sling bullet. The sling bullet hits the endoplasm.
You kill the endoplasm!
No target in view!
A kobold comes into view. It is wielding a +0 club.
You shoot a sling bullet.
The sling bullet barely misses the kobold.
You shoot a sling bullet.
The sling bullet closely misses the kobold.
A ball python comes into view.
You shoot a sling bullet.
The sling bullet barely misses the kobold.
The ball python hisses angrily.
A hobgoblin comes into view.
You shoot a sling bullet.
The sling bullet barely misses the kobold.
The hobgoblin shouts!
The sling bullet hits the ball python.
The ball python is heavily wounded.
You shoot a sling bullet. The sling bullet hits the kobold.
The kobold is moderately wounded.
You shoot a sling bullet.
The sling bullet barely misses the kobold.
The kobold barely misses you.
You shoot a sling bullet. The sling bullet hits the kobold.
You kill the kobold!
The ball python attacks as you move away!
The ball python closely misses you. The ball python barely misses you.
The ball python grabs you. The ball python constricts you.
You escape the ball python's grasp.
There is an open door here.
You shoot a sling bullet. The sling bullet hits the ball python.
You kill the ball python!
You shoot a sling bullet. The sling bullet hits the hobgoblin!
You kill the hobgoblin!
No target in view!
No target in view!
No target in view!
There is an open door, spattered with blood here.
j - 2 purple potions (gained 1)
Things that are here:
a +0 whip; 3 stones
Found 8 stones.
You see here 8 stones.
Found a stone staircase leading up.
You see here 8 stones.
Found a stone staircase leading down.
A goblin comes into view. It is wielding a +0 club.
You shoot a sling bullet.
The sling bullet closely misses the goblin.
The goblin shouts!
No target in view!
No target in view!
A goblin is nearby!
You shoot a sling bullet. The sling bullet hits the goblin.
The goblin is severely wounded.
You shoot a sling bullet.
The sling bullet barely misses the goblin.
You shoot a sling bullet. The sling bullet hits the goblin.
You kill the goblin!
No target in view!
No target in view!
A kobold comes into view. It is wielding a +0 dagger.
The kobold shouts!
You hear an angry hiss.
You shoot a sling bullet.
The sling bullet closely misses the kobold.
You shoot a sling bullet. The sling bullet hits the kobold.
The kobold is moderately wounded.
No target in view!
No target in view!
You shoot a sling bullet. The sling bullet hits the kobold.
You kill the kobold!
A ball python comes into view.
You shoot a sling bullet.
The sling bullet barely misses the ball python.
The ball python hisses angrily.
You shoot a sling bullet. The sling bullet hits the ball python.
You kill the ball python!
A kobold comes into view. It is wielding a +0 dagger.
You shoot a sling bullet. The sling bullet hits the kobold.
The kobold is moderately wounded.
You shoot a sling bullet. The sling bullet hits the kobold.
You kill the kobold!
No target in view!
Things that are here:
a +0 dagger; a kobold corpse
Things that are here:
a +0 dagger; a kobold corpse A dart slug comes into view.
You shoot a sling bullet. The sling bullet hits the dart slug.
The dart slug is heavily wounded.
No target in view!
No target in view!
No target in view!
Found a spear.
Found an escape hatch in the floor.
You shoot a sling bullet. The sling bullet hits the dart slug.
The dart slug is almost dead.
You hear an angry hiss.
A ball python comes into view.
You shoot a sling bullet. The sling bullet hits the dart slug!
You kill the dart slug!
You shoot a sling bullet.
The sling bullet barely misses the ball python.
You shoot a sling bullet. The sling bullet hits the ball python.
You kill the ball python!
No target in view!
No target in view!
Natasha, Servant of Life and Death comes into view.
She is carrying a wand of polymorph (12).
You shoot a sling bullet.
The sling bullet closely misses Natasha.
Natasha hisses angrily.
Natasha zaps a wand.
You turn into a sentient fungus.
Your +1 sling melds into your body.
Your +2 helmet melds into your body.
Your +0 robe melds into your body.
You're too terrified to move while being watched!
You're too terrified to move while being watched!
You're too terrified to move while being watched!
Sorry, you're not good enough to have a special ability.
You can't do that in your present form.
Unknown command.
Unknown command.
Unknown command.
The air fills with toxic fumes!
As you read the scroll of poison, it crumbles to dust.
Unknown command.
Natasha casts a spell at you. The magic dart hits you.
Natasha casts a spell at you. You resist with some effort.
Natasha howls an incantation.
Natasha glows brightly for a moment.
Natasha mewls in sadness.
Natasha stares at you and mumbles some strange words.
You resist with some effort.
Your transformation is almost over.
Natasha casts a spell.
You release spores at Natasha!
Natasha is severely wounded.
Natasha casts a spell at you. The magic dart hits you.
The white imp hits you but does no damage.
You release spores at Natasha.
Natasha appears confused.
Natasha is almost dead.
You release spores at the white imp!
The white imp is almost dead.
The white imp gestures at you. The puff of frost hits you.
Natasha claws the white imp.
The white imp is killed!
The white imp disappears in a puff of smoke!
You release spores at Natasha.
You kill Natasha!
Natasha yowls pathetically as she dies!
Your Stealth skill increases to level 2!
You start resting.
You stop sporulating.
Your +1 sling unmelds from your body.
Your +2 helmet unmelds from your body.
Your +0 robe unmelds from your body.
Natasha, Servant of Life and Death comes into view.
She is carrying a wand of polymorph (11).
There is an escape hatch in the floor here.
a - a +7 club (weapon)
Natasha mumbles some strange words.
Natasha closely misses you.
You hit Natasha.
Natasha is lightly wounded.
Natasha closely misses you.
The crimson imp blinks!
You hit Natasha.
Natasha is heavily wounded.
Natasha zaps a wand.
You resist with some effort.
The crimson imp blinks!
You hit Natasha.
Natasha is severely wounded.
Natasha mumbles some strange words.
Natasha claws you!
You hit Natasha but do no damage.
Natasha is severely wounded.
The crimson imp shouts, "Return whence thou came, thou infectious earth-vexing haggard!"
The crimson imp barely misses you. Natasha barely misses you.
The crimson imp closely misses you.
You miss Natasha.
Natasha is severely wounded.
The crimson imp blinks!
Natasha claws you. The crimson imp barely misses you.
You barely miss Natasha.
Natasha is severely wounded.
Natasha stares at you and mumbles some strange words.
The magic dart hits you.
The crimson imp hits you but does no damage.
A rat comes into view.
You sock Natasha!
You kill Natasha!
You feel Natasha's spirit has finally been put to rest.
The crimson imp disappears in a puff of smoke! x2
Things that are here:
a wand of polymorph (10); a fizzy pink potion
b - a +1 sling (weapon)
You shoot a sling bullet.
The sling bullet closely misses the rat.
You shoot a sling bullet.
The sling bullet hits the rat but does no damage.
You shoot a sling bullet. The sling bullet hits the rat.
You kill the rat!
Magic restored.
HP restored.
o - a wand of polymorph (10);
p - a fizzy pink potion
Things that are here:
a +0 dagger; a kobold corpse
k - a wand of roots (11) (gained 3 charges)
A hobgoblin is nearby!
You shoot a sling bullet. The hobgoblin shouts!
The sling bullet hits the hobgoblin!
You kill the hobgoblin!
You hear a shout!
No target in view!
No target in view!
A bat comes into view.
The bat moves out of view.
A goblin comes into view. It is wielding a +0 dagger.
You shoot a sling bullet.
The sling bullet barely misses the goblin.
A kobold comes into view.
It is wielding a +0 dagger and quivering poisoned darts.
You shoot a sling bullet. The kobold shouts!
The sling bullet hits the goblin!
You kill the goblin!
You hear a shout!
The kobold throws a poisoned dart.
The poisoned dart hits you!
You are poisoned.
You shoot a sling bullet.
The sling bullet closely misses the kobold.
You feel sick.
You shoot a sling bullet. The sling bullet barely misses the bat.
You feel sick. The bat hits you.
A hobgoblin comes into view. It is wielding a +0 dagger.
You shoot a sling bullet. The sling bullet hits the bat.
You kill the bat!
You feel sick.
You feel sick.
You shoot a sling bullet. The sling bullet hits the kobold.
The kobold is moderately wounded.
You feel sick.
You are no longer poisoned.
The kobold throws a poisoned dart.
The poisoned dart hits you!
You are poisoned.
The kobold throws a poisoned dart.
The poisoned dart misses you.
You shoot a sling bullet. The sling bullet hits the kobold.
You kill the kobold!
You feel sick.
You have reached level 5!
You start resting.
You feel sick.
A hobgoblin is nearby!
You shoot a sling bullet. The sling bullet hits the hobgoblin.
The hobgoblin is heavily wounded.
You feel sick.
You shoot a sling bullet. The sling bullet hits the hobgoblin!
You kill the hobgoblin!
You feel sick.
You hear a shout!
No target in view!
No target in view!
You start resting.
You feel sick. x2
You are no longer poisoned.
You shoot a sling bullet.
The sling bullet hits the kobold but does no damage.
A bat comes into view.
A goblin comes into view. It is wielding a +0 club.
The bat moves out of view.
You shoot a sling bullet. The goblin shouts!
The sling bullet hits the kobold.
You kill the kobold!
You shoot a sling bullet. The sling bullet hits the goblin.
The goblin is heavily wounded.
You shoot a sling bullet.
The sling bullet barely misses the goblin.
You shoot a sling bullet.
The sling bullet closely misses the goblin.
No target in view!
No target in view!
No target in view!
You start resting.
A goblin is nearby!
You shoot a sling bullet.
The sling bullet completely misses the goblin.
You shoot a sling bullet.
The sling bullet barely misses the goblin.
The goblin hits you with a +0 club. x2
You shoot a sling bullet. The sling bullet hits the goblin!
You kill the goblin!
No target in view!
No target in view!
No target in view!
You start resting.
A bat is nearby!
You shoot a sling bullet.
The sling bullet closely misses the bat.
You shoot a sling bullet.
The sling bullet closely misses the bat.
The bat hits you but does no damage.
You shoot a sling bullet. The sling bullet hits the bat.
The bat is severely wounded.
The bat misses you.
You shoot a sling bullet. The sling bullet hits the bat!
You kill the bat!
No target in view!
No target in view!
You start resting.
A ball python comes into view.
You shoot a sling bullet. The ball python hisses angrily.
The sling bullet hits the ball python.
You kill the ball python!
No target in view!
No target in view!
You start resting.
Magic restored.
You start resting.
HP restored.
q - a fuming silvery potion;
r - 2 scrolls labelled QULOAT KATHUE You now have 104 gold pieces (gained 9).
Things that are here:
a +0 club; a +0 dagger; a goblin corpse You see here a bat corpse.
n - 6 poisoned darts (gained 2);
e - 2 green potions (gained 1)
g - 4 scrolls labelled DUSAOP TURETI (gained 1)
Items here: ( )) ††.
s - a scroll labelled VEPTIV JUNAU You see here a hobgoblin corpse.
Things that are here:
a +0 dagger; a goblin corpse
Items here: ( )) ††.
Okay, then.
Search for what [? for help]? d:2 An endoplasm comes into view.
You shoot a sling bullet. The endoplasm quivers.
The sling bullet hits the endoplasm.
The endoplasm is heavily wounded.
You shoot a sling bullet. The sling bullet hits the endoplasm.
The endoplasm is almost dead.
You shoot a sling bullet.
The sling bullet barely misses the endoplasm.
You shoot a sling bullet. The sling bullet hits the endoplasm!
You kill the endoplasm!
A worm comes into view.
You shoot a sling bullet. The sling bullet hits the worm.
The worm is lightly wounded.
You hear a shout!
You shoot a sling bullet. The sling bullet hits the worm.
The worm is moderately wounded.
A hobgoblin comes into view.
You shoot a sling bullet. The sling bullet hits the hobgoblin.
The hobgoblin is heavily wounded.
You shoot a sling bullet. The sling bullet hits the hobgoblin.
You kill the hobgoblin!
No target in view!
You see here 9 gold pieces.
You shoot a sling bullet.
The sling bullet barely misses the worm.
You shoot a sling bullet. The sling bullet hits the worm.
The worm is lightly wounded.
You shoot a sling bullet. The sling bullet hits the worm!
The worm is heavily wounded.
a - a +7 club (weapon)
You sock the worm!
The worm is almost dead.
The worm closely misses you.
You hit the worm.
You kill the worm!
No target in view!
b - a +1 sling (weapon)
You now have 113 gold pieces (gained 9).
Found a stone staircase leading down.
You see here a hobgoblin corpse.
You pick up a book of Burglary and begin reading...
You add the spells Passwall, Ensorcelled Hibernation and Swiftness to your library.
There is an open door here.
There is an open door here.
t - a fizzy ruby potion
d - 2 scrolls labelled ZALESS QUUPYRIM (gained 1)
u - a fizzy clear potion You see here the +4 mace of Naddaug {drain, rF+}.
v - the +4 mace of Naddaug {drain, rF+}
Found a stone staircase leading down.
An endoplasm comes into view.
You shoot a sling bullet. The sling bullet hits the endoplasm!
You kill the endoplasm!
No target in view!
No target in view!
g - 5 scrolls labelled DUSAOP TURETI (gained 1)
p - 2 fizzy pink potions (gained 1)
A kobold comes into view. It is wielding a +0 short sword.
You shoot a sling bullet. The sling bullet hits the kobold.
The kobold shouts!
The kobold is moderately wounded.
You shoot a sling bullet.
The sling bullet hits the kobold but does no damage.
The kobold is moderately wounded.
You shoot a sling bullet.
The sling bullet barely misses the kobold.
You shoot a sling bullet.
The sling bullet closely misses the kobold.
You shoot a sling bullet.
The sling bullet completely misses the kobold.
You shoot a sling bullet. The sling bullet hits the kobold.
You kill the kobold!
No target in view!
No target in view!
Things that are here:
a +0 short sword; a kobold corpse You open the door.
Found two gnoll skeletons.
There is an open door here.
e - 4 green potions (gained 2)
There is an open door here.
You now have 125 gold pieces (gained 12).
As you open the door, it creaks loudly!
There is an open door here.
You open the door.
A quokka comes into view.
There is an open door here.
You shoot a sling bullet.
The sling bullet hits the quokka but does no damage.
You shoot a sling bullet. The sling bullet hits the quokka.
The quokka is severely wounded.
The quokka twitches its whiskers.
The quokka completely misses you.
You shoot a sling bullet. The sling bullet hits the quokka!
You kill the quokka!
No target in view!
No target in view!
You open the door.
There is an open door here.
There is an open door here.
You open the door.
Found a faded altar of an unknown god.
There is an open door here.
There is an open door here.
There is an open door here.
You see here a +0 spear.
You see here a bat skeleton.
You see here a bat skeleton.
You see here a hobgoblin skeleton.
Done exploring.
Done exploring.
Search for what [Enter for "d:2", or ? for help]? :
There is a stone staircase leading down here.
Unknown command.
You climb downwards.
Found 8 gold pieces.
Found an escape hatch in the floor.
There is a stone staircase leading up here.
You shoot a sling bullet. The sling bullet hits the worm.
The worm is moderately wounded.
You shoot a sling bullet. The sling bullet hits the worm.
The worm is moderately wounded.
You shoot a sling bullet.
The sling bullet barely misses the worm.
You shoot a sling bullet. The sling bullet hits the worm.
The worm is moderately wounded.
You shoot a sling bullet.
The sling bullet barely misses the worm.
You shoot a sling bullet. The sling bullet hits the worm.
The worm is heavily wounded.
You shoot a sling bullet. The sling bullet hits the worm.
The worm is severely wounded.
You shoot a sling bullet. The sling bullet hits the worm!
You kill the worm!
No target in view!
Unknown command.
Unknown command.
As you read the scroll labelled DUSAOP TURETI, it crumbles to dust.
It is a scroll of identify.
i - a scroll of blinking
As you read the scroll of identify, it crumbles to dust.
r - 2 scrolls of fog
As you read the scroll of identify, it crumbles to dust.
s - a scroll of enchant weapon
As you read the scroll of identify, it crumbles to dust.
d - 2 scrolls of teleportation You now have 133 gold pieces (gained 8).
A ball python comes into view.
You shoot a sling bullet. The sling bullet hits the ball python!
You kill the ball python!
No target in view!
No target in view!
No target in view!
Found a stone staircase leading down.
No target in view!
Found an opulent altar of Gozag.
You now have 134 gold pieces (gained 1).
You now have 135 gold pieces (gained 1).
You now have 136 gold pieces (gained 1).
You now have 137 gold pieces (gained 1).
You now have 138 gold pieces (gained 1).
You now have 139 gold pieces (gained 1).
You now have 140 gold pieces (gained 1).
Found 6 stones.
An ogre comes into view. It is wielding a +0 giant club.
Unknown command.
Throw: 6 darts (poison)
Press: ? - help, Q - select action, (/) - cycle Shift-Dir - straight line, f - ogre
Aim: an ogre, wielding a +0 giant club (wandering, hasn't noticed you, 75% to hit)
You throw a poisoned dart. The poisoned dart hits the ogre.
The ogre is poisoned.
The ogre shouts!
Throw: 5 darts (poison)
Press: ? - help, Q - select action, (/) - cycle Shift-Dir - straight line, f/p - ogre
Aim: an ogre, wielding a +0 giant club (lightly wounded, poisoned, 75% to hit)
You throw a poisoned dart. The poisoned dart hits the ogre.
The ogre is lightly wounded.
Casting: Slow (safe; 9% risk of failure)
Confirm with . or Enter, or press ? or * to list all spells.
Aiming: Slow (safe; 9% risk of failure)
Press: ? - help, Shift-Dir - straight line, f/p - ogre
Aim: an ogre, wielding a +0 giant club (lightly wounded, poisoned, chance to affect: 41%)
Okay, then.
Unknown command.
Throw: 4 darts (poison)
Press: ? - help, Q - select action, (/) - cycle Shift-Dir - straight line, f/p - ogre
Aim: an ogre, wielding a +0 giant club (lightly wounded, poisoned, 75% to hit)
You throw a poisoned dart. The poisoned dart hits the ogre.
The ogre looks even sicker.
The ogre is lightly wounded.
Throw: 3 darts (poison)
Press: ? - help, Q - select action, (/) - cycle Shift-Dir - straight line, f/p - ogre
Aim: an ogre, wielding a +0 giant club (lightly wounded, very poisoned, 75% to hit)
You throw a poisoned dart. The poisoned dart hits the ogre.
The ogre looks even sicker.
The ogre is lightly wounded.
Throw: 2 darts (poison)
Press: ? - help, Q - select action, (/) - cycle Shift-Dir - straight line, f/p - ogre
Aim: an ogre, wielding a +0 giant club (moderately wounded, very poisoned, 75% to hit)
You throw a poisoned dart.
The poisoned dart barely misses the ogre.
There is a stone staircase leading up here.
Throw: dart (poison)
Press: ? - help, Q - select action, (/) - cycle Shift-Dir - straight line, f/p - ogre
Aim: an ogre, wielding a +0 giant club (heavily wounded, poisoned, 75% to hit)
You throw a poisoned dart. The poisoned dart hits the ogre.
The ogre looks even sicker.
The ogre is heavily wounded.
a - a +7 club (weapon)
The ogre hits you with a +0 giant club!!
Ouch! That really hurt!
You are too injured to fight recklessly!
You are too injured to fight recklessly!
You hit the ogre.
The ogre is severely wounded.
The ogre hits you with a +0 giant club!
* * * LOW HITPOINT WARNING * * *
You closely miss the ogre.
The ogre is severely wounded.
The ogre closely misses you.
You barely miss the ogre.
The ogre is almost dead.
You barely miss the ogre.
The ogre is almost dead.
The ogre hits you with a +0 giant club!!
Ouch! That really hurt!
You die...

Skill      XL: |  1  2  3  4 |
---------------+-------------+-----
Ranged Weapons | 2 3 |  3.8
Dodging        | 2 |  2.9
Stealth        | 1 2 |  2.2
Fighting       | |  0.8
Spellcasting   | |  1.0
Hexes          | |  2.6

Action                     |  1- 3 |  4- 6 || total
---------------------------+-------+-------++-------
  Melee: Unarmed           |     7 |     4 ||    11
         Club              |       |    13 ||    13
   Fire: Sling             |   130 |   100 ||   230
  Throw: Dart              |       |     6 ||     6
    Use: Scroll            |       |     5 ||     5
 Armour: Robe              |    14 |     5 ||    19
         Skin              |       |     1 ||     1
  Dodge: Dodged            |    49 |    28 ||    77

Levels and vault maps discovered:
D:1:      onia_arrival_zoo_common, layout_basic, due_unseen_surprise
D:2:      layout_basic, dilly_ecumenical_altar_fadedgnrine, uniq_natasha,
          uniq_robin
D:3:      minmay_roachtagon, layout_basic, old_standard_altar,
          grunt_gozag_breadcrumbs, saegor_snake_ambush, uniq_grinder

Notes
Turn   | Place    | Note
-------+----------+-------------------------------------------
     0 | D:1      | scionoferis the Demigod Hexslinger began the quest for the
                  | Orb.
     0 | D:1      | Reached XP level 1. HP: 15/15 MP: 4/4
     6 | D:1      | Noticed a wyvern
     6 | D:1      | Noticed a swamp worm
     6 | D:1      | Noticed a hound
     7 | D:1      | Noticed a snapping turtle
     7 | D:1      | Noticed a black bear
    49 | D:1      | Reached skill level 2 in Ranged Weapons
    85 | D:1      | Reached skill level 2 in Dodging
   146 | D:1      | Reached XP level 2. HP: 22/22 MP: 5/5
   350 | D:1      | Reached skill level 1 in Stealth
   565 | D:1      | Reached XP level 3. HP: 22/27 MP: 3/6
   835 | D:2      | Noticed Natasha
   845 | D:2      | Killed Natasha
   846 | D:2      | Reached skill level 3 in Ranged Weapons
   913 | D:2      | Noticed Robin
   940 | D:2      | Reached XP level 4. HP: 34/34 MP: 6/8
   952 | D:2      | Killed Robin
  1190 | D:2      | Noticed Natasha
  1215 | D:2      | Killed Natasha
  1216 | D:2      | Reached skill level 2 in Stealth
  1220 | D:2      | Noticed Natasha
  1231 | D:2      | Killed Natasha
  1298 | D:2      | Reached XP level 5. HP: 30/39 MP: 9/9
  1470 | D:2      | Identified the +4 mace of Naddaug {drain, rF+}
  1802 | D:3      | Noticed an ogre
  1821 | D:3      | Mangled by an ogre

Vanquished Creatures
  Natasha (thrice) (D:2)
  Robin (D:2)
  2 worms (D:2 D:3)
  3 dart slugs (D:1 D:2)
  7 ball pythons (D:1 D:2 D:3)
  12 endoplasms (D:1 D:2)
  2 giant cockroaches (D:1 D:2)
  15 goblins (D:1 D:2)
  9 hobgoblins (D:1 D:2)
  11 kobolds (D:1 D:2)
  4 quokkas (D:1 D:2)
  6 bats (D:1 D:2)
  4 frilled lizards (D:1)
  2 rats (D:1 D:2)
81 creatures vanquished.

Table legend: (Time is in decaauts)
 A = Elapsed time spent in this place.
 B = Non-inter-level travel time spent in this place.
 C = Inter-level travel time spent in this place.
 D = Time resting spent in this place.
 E = Time spent auto-exploring this place.
 F = Levels seen in this place.
 G = Mean time per level.
                   A        B        C        D        E       F      G
               +--------+--------+--------+--------+--------+-----+--------+
         Total |   1876 |   1825 |     51 |    153 |   1151 |   3 |  625.3 |
       Dungeon |   1876 |   1825 |     51 |    153 |   1151 |   3 |  625.3 |
               +--------+--------+--------+--------+--------+-----+--------+

Top non-repeatable levels by time:
     D:2: 942 daAuts
     D:1: 850 daAuts
     D:3: 83 daAuts

Table legend:
 A = Non-vault XP
 B = Vault XP
 C = Vault XP percentage of total XP
 D = Non-vault monster count
 E = Vault monster count
 F = Vault count percentage of total count
                 A         B        C        D         E       F
            +---------+---------+-------+---------+---------+-------
      Total |     188 |      73 |  28.0 |      67 |      14 |  17.3
            +---------+---------+-------+---------+---------+-------
        D:1 |      63 |       0 |   0.0 |      35 |       0 |   0.0
        D:2 |     118 |      73 |  38.2 |      30 |      14 |  31.8
        D:3 |       7 |       0 |   0.0 |       2 |       0 |   0.0
            +---------+---------+-------+---------+---------+-------
